 Dungeon Crawl Stone Soup version 0.29-a0-82-g837932c90e (webtiles) character file.

Game seed: 6696621972011360463

101 dmks the Magician (level 5, -2/35 HPs)
             Began as a Djinni Fire Elementalist on Feb 5, 2022.
             Slain by Natasha (4 damage)
             ... on level 3 of the Dungeon.
             The game lasted 00:03:50 (3077 turns).

dmks the Magician (Djinni Fire Elementalist)        Turns: 3077, Time: 00:03:51

Health: -2/35      AC:  3    Str:  7    XL:     5   Next: 4%
Gold:   89         EV: 13    Int: 18    God:
                   SH:  0    Dex: 14

rFire   + + .      SeeInvis .   (no weapon)
rCold   x . .      Faith    .   (no shield)
rNeg    . . .      Spirit   .   a - +0 robe
rPois   ∞          Reflect  .   d - +0 helmet
rElec   .          Harm     .   h - scarf {+Inv}
rCorr   .          Rampage  .   (no gloves)
Will    .....                   (boots unavailable)
Stlth   ++........              (no amulet)
HPRegen 0.11/turn               (no ring)
MPRegen 0.00/turn               (no ring)

@: flying
A: sickness immunity, fire resistance 2, cold vulnerability 1, float, innate
caster, HP casting, extra vitality 1
a: Evoke Invisibility


You were on level 3 of the Dungeon.
You visited 1 branch of the dungeon, and saw 3 of its levels.

You collected 89 gold pieces.

Inventory:

Armour
 a - a +0 robe (worn)
 d - a +0 helmet (worn)
   (You took it off Robin on level 1 of the Dungeon)
 h - a scarf of invisibility (worn)
   (You found it on level 2 of the Dungeon)
Scrolls
 b - a scroll of enchant weapon {unknown}
 c - 2 scrolls of amnesia {unknown}
 g - a scroll of fog {unknown}
Potions
 e - a potion of degeneration {unknown}
 f - a potion of mutation {unknown}


   Skills:
 + Level 3.2 Dodging
 + Level 2.4 Stealth
 * Level 3.4 Spellcasting


You couldn't memorise any spells.
You knew the following spells:

 Your Spells              Type           Power      Damage    Failure   Level
a - Foxfire               Conj/Fire      60%        2x1d7     3%          1
b - Scorch                Fire           30%        2d6       6%          2
c - Inner Flame           Hex/Fire       15%        N/A       12%         3
d - Conjure Flame         Conj/Fire      15%        6-21      12%         3
e - Flame Wave            Conj/Fire      15%        2d6       36%         4
f - Sandblast             Erth           30%        2d9       3%          1
g - Static Discharge      Conj/Air       15%        N/A       6%          2
Your spell library was empty.

Dungeon Overview and Level Annotations

Branches:
Dungeon (3/15)

Altars:

Annotations:
D:3 Natasha


Innate Abilities, Weirdness & Mutations

You are immune to sickness and miasma.
You are immune to poison.
Your flesh is very heat resistant. (rF++)
You are vulnerable to cold. (rC-)
You float through the air rather than walking.
You learn spells naturally, not from books.
Your magical power is your life essence.
You have superior vitality. (+4 MHP)


Message History

Natasha, Servant of Life and Death comes into view.
You conjure some foxfire!
Natasha hisses angrily.
Natasha howls an incantation.
You feel troubled.
You conjure some foxfire!
The foxfire hits Natasha.
The foxfire hits Natasha but does no damage.
You miscast Foxfire.
You are very lightly contaminated with residual magic.
Nothing appears to happen.
Natasha casts a spell.
You conjure some foxfire!
The crimson imp completely misses you.
The foxfire hits the crimson imp but does no damage.
The foxfire hits the crimson imp.
The crimson imp completely resists.
The crimson imp hits you but does no damage.
There is an open door here.
Your magical contamination has completely faded away.
You conjure some foxfire!
The foxfire hits the crimson imp.
The crimson imp completely resists.
The foxfire hits the crimson imp.
The crimson imp completely resists.
The crimson imp closely misses you.
You conjure some foxfire!
The crimson imp barely misses you. Natasha barely misses you.
The foxfire hits Natasha.
The foxfire hits the crimson imp.
The crimson imp completely resists.
The crimson imp hits you but does no damage.
Natasha mumbles some strange words.
You conjure some foxfire!
The crimson imp barely misses you. Natasha barely misses you.
The foxfire hits the crimson imp.
The crimson imp completely resists.
The foxfire hits Natasha.
The crimson imp hits you. Natasha claws you.
You conjure some foxfire!
The crimson imp hits you.
Natasha stares at you and mumbles some strange words.
The magic dart hits you.
The foxfire hits the crimson imp.
The crimson imp completely resists.
The foxfire hits the iron imp.
The iron imp completely resists.
The crimson imp hits you. The iron imp completely misses you.
Natasha casts a spell at you. The magic dart hits you.
* * * LOW HITPOINT WARNING * * *
You don't know that spell.
Flames lash Natasha.
Natasha's fire resistance burns away.
* * * LOW HITPOINT WARNING * * *
The crimson imp laughs crazily.
The crimson imp closely misses you. Natasha claws you!
* * * LOW HITPOINT WARNING * * *
The iron imp hits you.
* * * LOW HITPOINT WARNING * * *
The crimson imp closely misses you. Natasha claws you.
You die...

### #<# #.# #.# #.#
#.# ##### ######'###
#...#
#......@.###...#####
#.....5h5#.........#
#........'..........
.......>###......!...
......#.# ###†.......
..#...#.. §........
..#...... §§........
#...... h§.........
#. ... l5.#........


You could see an iron imp (summoned), Natasha (combustible) and a crimson imp
(summoned).

Vanquished Creatures
  Natasha (D:3)
  Robin (D:1)
  A worm (D:2)
  2 dart slugs (D:2)
  An endoplasm (D:1)
  3 giant cockroaches
  11 goblins
  6 hobgoblins
  3 jackals
  4 quokkas
  4 ball pythons
  5 bats (D:1)
  5 frilled lizards
  3 kobolds
  4 rats
54 creatures vanquished.

Vanquished Creatures (others)
  186 foxfires
186 creatures vanquished.

Grand Total: 240 creatures vanquished

Notes
Turn   | Place    | Note
-------+----------+-------------------------------------------
     0 | D:1      | dmks the Djinni Fire Elementalist began the quest for the
                  | Orb.
     0 | D:1      | Reached XP level 1. HP: 15/15 MP: 0/0
   244 | D:1      | Reached XP level 2. HP: 19/21 MP: 0/0
  1046 | D:1      | Reached XP level 3. HP: 23/25 MP: 0/0
  1046 | D:1      | Learned a level 1 spell: Sandblast
  1691 | D:2      | Noticed Robin
  1765 | D:1      | Killed Robin
  1766 | D:1      | Reached XP level 4. HP: 9/31 MP: 0/0
  2586 | D:2      | Found a faded altar of an unknown god.
  2972 | D:3      | Noticed Natasha
  2982 | D:3      | Killed Natasha
  2983 | D:3      | Reached XP level 5. HP: 26/35 MP: 0/0
  2983 | D:3      | Learned a level 2 spell: Static Discharge
  3056 | D:3      | Noticed Natasha
  3077 | D:3      | Slain by Natasha

Illustrated notes

Levels and vault maps discovered:
D:1:      shiori_arrival_elements, layout_loops_ring
D:2:      layout_loops_cross, basic_ecumenical_altar, uniq_robin
D:3:      layout_basic, lemuel_round_altar, nicolae_hepliaklqana_hippocampus,
          minitemple, uniq_natasha, uniq_terence, uniq_ijyb

Skill      XL: |  1  2  3  4 |
---------------+-------------+-----
Stealth        | 2 |  2.4
Spellcasting   | 3 |  3.4
Dodging        | 3 |  3.2

Action                   |  1- 3 |  4- 6 || total
-------------------------+-------+-------++-------
 Cast: Foxfire           |    75 |    44 ||   119
       Scorch            |     2 |     2 ||     4
Armor: Robe              |     8 |     4 ||    12
Dodge: Dodged            |    16 |    15 ||    31

Table legend: (Time is in decaauts)
 A = Elapsed time spent in this place.
 B = Non-inter-level travel time spent in this place.
 C = Inter-level travel time spent in this place.
 D = Time resting spent in this place.
 E = Time spent auto-exploring this place.
 F = Levels seen in this place.
 G = Mean time per level.
                   A        B        C        D        E       F      G
               +--------+--------+--------+--------+--------+-----+--------+
         Total |   3078 |   3034 |     44 |    410 |   2203 |   3 | 1026.0 |
       Dungeon |   3078 |   3034 |     44 |    410 |   2203 |   3 | 1026.0 |
               +--------+--------+--------+--------+--------+-----+--------+

Top non-repeatable levels by time:
     D:1: 1768 daAuts
     D:2: 1191 daAuts
     D:3: 118 daAuts
